 Dungeon Crawl Stone Soup version 0.18-a0-1413-g4eaa9ac (webtiles) character file.

4301 Slowtrain the Reanimator (level 10, -6/63 HPs)
             Began as a Mummy Necromancer on Feb 22, 2016.
             Was a Believer of Makhleb.
             Mangled by Maud
             ... wielding a +4 demon trident of freezing
              (28 damage)
             ... on level 10 of the Dungeon on Feb 25, 2016.
             The game lasted 01:17:19 (13375 turns).

Slowtrain the Reanimator (Mummy Necromancer)       Turns: 13375, Time: 01:17:19

Health: -6/63      AC: 11    Str: 12    XL:     10   Next: 11%
Magic:  0/16       EV: 13    Int: 18    God:    Makhleb [**....]
Gold:   586        SH:  0    Dex: 12    Spells: 5 memorised, 4 levels left

rFire  x . .     SeeInvis .     o - +2 whip (venom)
rCold  + . .     Gourm    .     f - +0 leather armour
rNeg   + + +     Faith    .     (no shield)
rPois  ∞         Spirit   .     q - +0 helmet
rElec  .         Dismiss  +     A - +0 cloak
rCorr  .         Reflect  .     P - +0 pair of gloves
SustAt .         Harm     .     M - +2 pair of boots
MR     ++...                    x - amulet of dismissal
Stlth  ++........               z - +2 ring of protection
                                T - ring of protection from magic

@: very resistant to hostile enchantments, unstealthy
A: no food or potions, fire vulnerability, cold resistance 1, negative energy
resistance 3, torment resistance, unbreathing
a: Minor Destruction, Renounce Religion


You were on level 10 of the Dungeon.
You worshipped Makhleb.
Makhleb was pleased with you.
You were not hungry.

You visited 2 branches of the dungeon, and saw 11 of its levels.

You collected 586 gold pieces.

Inventory:

Hand Weapons
 c - a +1 club
 h - a cursed -1 hunting sling
 j - a +0 short sword
 k - a +0 whip
 l - a -1 dagger
 o - a +2 whip of venom (weapon)
 r - a +0 war axe
 t - a +0 longbow
 u - a +0 war axe
 w - a +0 blowgun
 y - a +1 whip of venom
 E - a +0 long sword
 K - a +0 flail
 V - a +2 spear of piercing
Missiles
 e - 552 stones
 g - 181 arrows
 m - 68 sling bullets
 p - 52 poisoned needles
 B - 7 javelins of penetration
 G - 6 tomahawks
 H - a steel javelin (quivered)
 O - 3 curare-tipped needles
 W - 15 arrows of frost
Armour
 a - a +0 robe
 f - a +0 leather armour (worn)
 i - a +0 cloak
 q - a +0 helmet (worn)
 A - a +0 cloak (worn)
 M - a +2 pair of boots (worn)
 P - a +0 pair of gloves (worn)
Jewellery
 d - an uncursed ring of protection from cold
 n - an uncursed ring of sustain attributes
 x - an amulet of dismissal (around neck)
 z - a +2 ring of protection (right hand)
 N - an uncursed ring of resist corrosion
 T - a ring of protection from magic (left hand)
Wands
 C - a wand of confusion (23/48)
 I - a wand of lightning (15/15)
 Q - a wand of random effects (21/48)
Scrolls
 s - a scroll of enchant armour
 v - 6 scrolls of remove curse
 D - a scroll of immolation
 F - a scroll of fear
 J - a scroll of amnesia {unknown}
 L - 2 scrolls of magic mapping {unknown}
 S - a scroll of teleportation
 U - 2 scrolls of recharging
Books
 b - a book of Necromancy

   Spells                             Type                      Level
   a - Pain                           Necromancy                   1
   b - Animate Skeleton               Necromancy                   1
   c - Vampiric Draining              Necromancy                   3
   d - Regeneration                   Charms/Necromancy            3
   e - Animate Dead                   Necromancy                   4
   f - Control Undead                 Necromancy                   4
 R - a book of Dreams

   Spells                             Type                      Level
   a - Ensorcelled Hibernation        Hexes/Ice                    2
   b - Silence                        Hexes/Air                    5
   c - Darkness                       Hexes                        6
   d - Mass Confusion                 Hexes                        6
   e - Shadow Creatures               Summoning                    6


   Skills:
 - Level 7.0 Maces & Flails
 - Level 4.1 Dodging
 + Level 1.9 Stealth
 - Level 4.0 Spellcasting
 - Level 10.0 Necromancy
 - Level 4.3 Invocations


You had 4 spell levels left.
You knew the following spells:

 Your Spells              Type           Power        Failure   Level  Hunger
a - Pain                  Necr           ####         1%          1    N/A
b - Animate Skeleton      Necr           N/A          1%          1    N/A
c - Vampiric Draining     Necr           #####.....   1%          3    N/A
d - Animate Dead          Necr           N/A          2%          4    N/A
e - Control Undead        Necr           #####.....   2%          4    N/A

Dungeon Overview and Level Annotations

Branches:
Dungeon (10/15)            Temple (1/1) D:7            Lair (0/8) D:9
    Orc: D:9-12

Altars:
Ashenzari
Cheibriados
Dithmenos
Elyvilon
Fedhas
Gozag
Kikubaaqudgha
Makhleb
Nemelex Xobeh
Okawaru
Pakellas
Qazlal
Ru
Sif Muna
Trog
Vehumet
The Shining One

Annotations:
D:2 Terence
D:6 exclusion: phantom
D:8 Erolcha
D:10 Maud


Innate Abilities, Weirdness & Mutations

You do not eat or drink.
Your flesh is vulnerable to fire.
You are immune to poison.
Your flesh is cold resistant.
You are immune to negative energy.
You are immune to unholy pain and torment.
You can survive without breathing.


Message History

Maud freezes you.
You hit Maud but do no damage.
Maud is severely wounded.
Maud barely misses you.
You hit Maud.
Maud is severely wounded.
Casting: Vampiric Draining
Confirm with . or Enter, or press ? or * to list all spells.
Aiming: Vampiric Draining
Press: ? - help, Shift-Dir - straight line, f/p - Maud
Aim: Maud, wielding a demon trident of freezing and wearing a chain mail (severely wounded, poisoned) Maud is severely wounded.
You feel life coursing into your body.
Maud hits you with a demon trident of freezing!
Maud freezes you.
You closely miss Maud.
Maud is severely wounded.
Maud screams, "I want it!"
Maud hits you with a demon trident of freezing!!
You die...

.y.............#
(..............#
.....(.........#
...............#
...............#
.......(.......#
######.(.......#
#..@......#
#...@.)...#
#####.##### #.#
#.# #.###
#.#.####
#.#....###
#.#......#
#.#......#


You could see Maud.

Vanquished Creatures
  Pikel (D:6)
  Eustachio (D:6)
  A hippogriff (D:8)
  Duvessa (D:5)
  An ice beast (D:5)
  A sky beast (D:5)
  2 slaves (D:6)
  An orc warrior (D:9)
  An ogre (D:8)
  3 centaurs
  3 big kobolds (D:3)
  A crocodile (D:7)
  3 giant frogs
  Dowan (D:5)
  2 scorpions
  A wyvern skeleton (D:7)
  15 killer bees
  A wight (D:6)
  A vampire bat (D:6)
  A howler monkey (D:5)
  A giant frog zombie (D:6)
  A crimson imp (D:7)
  A hound (D:8)
  Crazy Yiuf (D:5)
  2 jellies
  7 orc wizards
  3 orc priests
  A giant frog skeleton (D:6)
  3 iguanas
  7 worker ants
  A killer bee zombie (D:6)
  2 hound skeletons (D:9)
  A hound zombie (D:5)
  8 adders
  9 gnolls
  An ooze (D:6)
  5 worms
  4 dart slugs
  4 giant geckos
  20 orcs
  A ball python (D:2)
  3 bat skeletons (D:6)
  A bat zombie (D:6)
  6 giant cockroaches
  5 goblins
  17 hobgoblins
  15 jackals
  3 quokkas
  9 bats
  3 giant newts
  A jackal skeleton (D:4)
  50 kobolds
  A quokka zombie (D:5)
  8 rats
247 creatures vanquished.

Vanquished Creatures (collateral kills)
  2 big kobolds (D:3)
  2 killer bees
  A vampire bat (D:6)
  A crimson imp (D:9)
  A gnoll shaman (D:8)
  A worker ant (D:5)
  2 gnolls (D:8)
  An orc (D:9)
  A bat skeleton (D:6)
  2 giant cockroaches (D:2)
  8 kobolds (D:3)
  A quokka skeleton (D:7)
  A rat (D:3)
24 creatures vanquished.

Vanquished Creatures (others)
  2 slaves (D:6)
  A wight (D:6)
  An adder (D:6)
4 creatures vanquished.

Grand Total: 275 creatures vanquished

Notes
Turn   | Place    | Note
--------------------------------------------------------------
     0 | D:1      | Slowtrain the Mummy Necromancer began the quest for the Orb.
     0 | D:1      | Reached XP level 1. HP: 13/13 MP: 3/3
     2 | D:1      | Learned a level 1 spell: Animate Skeleton
   270 | D:1      | You fall through a shaft!
   324 | D:1      | Reached XP level 2. HP: 1/19 MP: 0/5
   963 | D:1      | Reached skill level 5 in Necromancy
  1010 | D:1      | Reached XP level 3. HP: 24/24 MP: 2/6
  1018 | D:1      | Learned a level 3 spell: Vampiric Draining
  1914 | D:2      | Reached XP level 4. HP: 30/30 MP: 3/7
  2844 | D:2      | Reached skill level 6 in Necromancy
  3248 | D:3      | Noticed Terence
  4402 | D:3      | Reached XP level 5. HP: 31/35 MP: 8/8
  4625 | D:3      | Reached skill level 7 in Necromancy
  4690 | D:3      | Reached XP level 6. HP: 36/41 MP: 0/9
  4823 | D:3      | Reached skill level 8 in Necromancy
  5163 | D:3      | Reached XP level 7. HP: 44/46 MP: 10/10
  6015 | D:4      | Upgraded the game from 0.18-a0-1390-gc02854d to 0.18-a0-1405-g73f4075
  6579 | D:4      | Found a radiant altar of Vehumet.
  6581 | D:4      | Found an iron altar of Okawaru.
  6590 | D:4      | Found a blossoming altar of Fedhas.
  6639 | D:5      | Entered Level 5 of the Dungeon
  6686 | D:5      | Reached skill level 9 in Necromancy
  6728 | D:5      | Learned a level 4 spell: Animate Dead
  6989 | D:5      | Learned a level 4 spell: Control Undead
  7407 | D:5      | Noticed Crazy Yiuf
  7429 | D:5      | Killed Crazy Yiuf
  7429 | D:5      | Reached XP level 8. HP: 50/52 MP: 11/14
  7617 | D:5      | Found a glowing golden altar of the Shining One.
  7939 | D:5      | Reached skill level 10 in Necromancy
  7997 | D:5      | Found a deep blue altar of Sif Muna.
  8040 | D:5      | Reached skill level 1 in Maces & Flails
  8159 | D:5      | Noticed Duvessa
  8163 | D:5      | Noticed Dowan
  8179 | D:5      | Killed Duvessa
  8908 | D:5      | Killed Dowan
  8959 | D:6      | Noticed Pikel
  8988 | D:6      | Killed Pikel
  8988 | D:6      | Reached skill level 5 in Maces & Flails
  8988 | D:6      | Reached XP level 9. HP: 26/57 MP: 3/15
  9166 | D:6      | Noticed Eustachio
  9237 | D:6      | Killed Eustachio
  9908 | D:6      | Found a burning altar of Makhleb.
  9908 | D:6      | Found a shadowy altar of Dithmenos.
  9921 | D:6      | Became a worshipper of Makhleb the Destroyer
 10158 | D:6      | Found an ancient bone altar of Kikubaaqudgha.
 10383 | D:7      | Found an opulent altar of Gozag.
 10680 | D:7      | Reached skill level 1 in Invocations
 11204 | D:7      | Found a staircase to the Ecumenical Temple.
 11211 | Temple   | Entered the Ecumenical Temple
 11455 | D:7      | Upgraded the game from 0.18-a0-1405-g73f4075 to 0.18-a0-1413-g4eaa9ac
 11648 | D:8      | Reached * piety under Makhleb
 11685 | D:8      | Noticed Erolcha
 12445 | D:9      | Reached ** piety under Makhleb
 12568 | D:9      | Found a staircase to the Lair.
 12738 | D:9      | Reached XP level 10. HP: 53/63 MP: 16/16
 12942 | D:9      | Found a bloodstained altar of Trog.
 13214 | D:10     | Entered Level 10 of the Dungeon
 13260 | D:10     | Found an oddly glowing altar of Pakellas.
 13352 | D:10     | Noticed Maud
 13375 | D:10     | Mangled by Maud

Vault maps used:
D:1:      onia_arrival_pyramid
D:2:      minmay_vboxes
D:3:      minmay_goblin_kobold_castle, first_bread, uniq_terence
D:4:      gammafunk_temple_overflow_forgotten
D:5:      lemuel_coloured_pillars_altar, kennysheep_nondescript,
          kennysheep_small_spiral, tgw_sif, uniq_crazy_yiuf_cottage,
          uniq_duvessa
D:6:      kennysheep_vampire_church, gammafunk_temple_overflow_statue,
          uniq_pikel, uniq_eustachio
D:7:      lemuel_round_altar, minmay_temple_entry_trees
D:8:      uniq_erolcha
D:9:      lair_0_dummy, basic_altar
D:10:     lemuel_ogre_cave, orc_0_dummy, basic_altar, grunt_tengu_nest,
          uniq_maud
Temple:   circular_temple_12

Skill      XL: |  1  2  3  4  5  6  7  8  9 10 |
---------------+-------------------------------+-----
Necromancy     | 5 6 7 8 9 10 | 10.0
Spellcasting   | 4 |  4.0
Maces & Flails | 5 7 |  7.0
Invocations    | 4 |  4.3
Dodging        | 3 4 |  4.1
Stealth        | |  1.9

Action                   |  1- 3 |  4- 6 |  7- 9 | 10-12 || total
-------------------------+-------+-------+-------+-------++-------
Melee: Club              |     7 |       |       |       ||     7
       Dagger            |       |    23 |       |       ||    23
       Whip              |       |   110 |   474 |    57 ||   641
       Long sword        |       |       |     2 |       ||     2
 Fire: Longbow           |       |     5 |     6 |       ||    11
       Blowgun           |       |    19 |    97 |    15 ||   131
Throw: Stone             |     1 |       |       |       ||     1
       Javelin           |       |       |     5 |     1 ||     6
 Cast: Pain              |    70 |    77 |    37 |       ||   184
       Animate Skeleton  |    13 |    31 |     6 |       ||    50
       Vampiric Draining |       |     3 |    16 |     9 ||    28
       Animate Dead      |       |       |    28 |     4 ||    32
  Use: Scroll            |     2 |     2 |    11 |       ||    15
 Stab: Sleeping          |       |       |    10 |       ||    10
       Distracted        |       |       |     1 |       ||     1
